 Dungeon Crawl Stone Soup version 0.29-a0-830-gcb1280458a (webtiles) character file.

Game seed: 12282088317581357160

106 PimpSugar the Magician (level 4, 0/32 HPs)
             Began as a Demonspawn Hedge Wizard on July 12, 2022.
             Was a Follower of Qazlal.
             Slain by a black bear (4 damage)
             ... on level 3 of the Dungeon.
             The game lasted 00:11:17 (2467 turns).

PimpSugar the Magician (Demonspawn Hedge Wizard)    Turns: 2467, Time: 00:11:18

Health: 0/32       AC:  3    Str: 14    XL:     4   Next: 55%
Magic:  2/9        EV: 12    Int: 17    God:    Qazlal [*.....]
Gold:   104        SH:  2    Dex: 15    Spells: 1/9 levels left

rFire   . . .      SeeInvis .   q - staff of air
rCold   . . .      Faith    .   (no shield)
rNeg    . . .      Spirit   .   b - +0 robe
rPois   .          Reflect  .   c - +0 hat
rElec   +          Harm     .   h - +0 cloak
rCorr   .          Rampage  .   (no gloves)
Will    .....      Rage     3%  (no boots)
Stlth   +++++.....              (no amulet)
HPRegen 0.10/turn               d - +6 ring of strength
MPRegen 0.11/turn               l - ring of Shadows {Umbra +Inv Stlth+}

@: wreathed by umbra
A: demonic guardian 1, demonic magic 1, weakness stinger 1, thin skeletal
structure 1, berserk 1, weak 1
a: Renounce Religion, Evoke Invisibility


You were on level 3 of the Dungeon.
You worshipped Qazlal.
Qazlal was aware of your devotion.
You visited 1 branch of the dungeon, and saw 3 of its levels.

You collected 104 gold pieces.

Inventory:

Hand Weapons
 a - a +0 dagger
Missiles
 e - 29 stones (quivered)
Armour
 b - a +0 robe (worn)
 c - a +0 hat (worn)
 h - a +0 cloak (worn)
Magical Staves
 q - a staff of air (weapon)
Jewellery
 d - a +6 ring of strength (left hand)
 l - the ring of Shadows (right hand) {Umbra +Inv Stlth+}
   (You found it on level 2 of the Dungeon)

   [ring of stealth]

   It surrounds you with an aura of shadow, increasing your stealth and reducing
   the accuracy of all others within it.
   +Inv:      It lets you turn invisible.
   Stlth:     It makes you more stealthy.
 p - the ring "Sauffous" {EV+4 Str+2}
   (You found it on level 3 of the Dungeon)

   [ring of evasion]

   EV:        It affects your evasion (+4).
   Str:       It affects your strength (+2).
Scrolls
 g - a scroll of enchant armour
 i - 2 scrolls of teleportation
 j - a scroll of fog
 k - a scroll of amnesia
 m - a scroll of brand weapon {unknown}
Potions
 n - a potion of attraction


   Skills:
 + Level 1.0 Fighting
 + Level 0.0 Staves
 + Level 2.2 Dodging
 + Level 2.1 Stealth
 * Level 3.4 Spellcasting
 * Level 2.1 Conjurations
 * Level 1.6 Summonings
 + Level 1.3 Translocations
 * Level 0.0 Air Magic
 + Level 0.1 Poison Magic
 * Level 1.4 Invocations
 + Level 0.0 Evocations


You had one spell level left.
You knew the following spells:

 Your Spells              Type           Power      Damage    Failure   Level
a - Magic Dart            Conj           40%        1d5       7%          1
b - Call Imp              Summ           8%         N/A       13%         2
c - Mephitic Cloud        Conj/Pois/Air  8%         N/A       36%         3
e - Blink                 Tloc           14%        N/A       16%         2

Your spell library contained the following spells:

 Spells                   Type           Power      Damage    Failure   Level
 Slow                     Hex            8%         N/A       17%         1
 Gell's Gravitas          Tloc           7%         N/A       30%         3
 Lesser Beckoning         Tloc           7%         N/A       30%         3
 Teleport Other           Tloc           7%         N/A       30%         3
 Conjure Flame            Conj/Fire      6%         6-21      32%         3


Dungeon Overview and Level Annotations

Branches:
Dungeon (3/15)

Altars:
Ashenzari
Qazlal


Innate Abilities, Weirdness & Mutations

A weak demonic guardian rushes to your aid.
Spells you cast may paralyse adjacent enemies.
You have a small tail.
You have a somewhat thin skeletal structure. (Dex +2, Stealth+)
You sometimes lose your temper in combat.
You are weak. (Str -2)


Message History

You blink.
Malevolent energies surge around you.
The hobgoblin completely misses the hobgoblin.
The hobgoblin ponders the situation.
You see here a hobgoblin corpse.
The black bear attacks as you move away!
The black bear closely misses you. The black bear barely misses you.
The black bear misses you.
The black bear attacks as you move away!
The black bear closely misses you.
The black bear claws you but does no damage.
The black bear claws you.
You feel stable enough to blink again.
You see here a scroll of identify.
The black bear attacks as you move away!
The black bear closely misses you. x2; The black bear misses you.
Found a metallic yellow potion.
The black bear looks more healthy.
You see here a metallic yellow potion.
f - a metallic yellow potion The black bear bites you.
You block the black bear's attack. The black bear claws you.
You barely miss the hobgoblin. The hobgoblin hits you.
The black bear barely misses you. x2
The black bear claws you but does no damage.
The hobgoblin hits you.
* * * LOW HITPOINT WARNING * * *
The black bear bites you.
* * * LOW HITPOINT WARNING * * *
A demonic guardian appears!
The black bear misses you. The black bear claws you.
* * * LOW HITPOINT WARNING * * *
It was a potion of mutation.
You feel extremely strange.
Your bones become slightly less dense.
You feel a little pissed off.
You feel weaker.
Your ufetubus barely misses the black bear.
Your ufetubus closely misses the black bear.
The hobgoblin hits you.
* * * LOW HITPOINT WARNING * * *
The black bear closely misses you. You block the black bear's attack.
The black bear claws you.
You die...

#...
#........#####.#
#.##
#.......##.....
#. #####......#
......##?###
....###..#####.
..... #........#
########..#######
#.5g....#
#.h@....#
#.......#
#.......#
#########


You could see a black bear (ally target), a hobgoblin and a friendly ufetubus
(summoned).

Vanquished Creatures
  Terence (D:2)
  A dart slug (D:2)
  2 ball pythons (D:1)
  3 bats
  3 endoplasms
  A giant cockroach (D:1)
  5 goblins
  2 hobgoblins (D:3)
  4 jackals (D:2)
  3 kobolds
  4 frilled lizards
  8 rats
37 creatures vanquished.

Vanquished Creatures (collateral kills)
  3 adders (D:2)
  2 worms
  A dart slug (D:1)
  A bat (D:2)
  An endoplasm (D:2)
  A giant cockroach (D:2)
9 creatures vanquished.

Grand Total: 46 creatures vanquished

Notes
Turn   | Place    | Note
-------+----------+-------------------------------------------
     0 | D:1      | PimpSugar the Demonspawn Hedge Wizard began the quest for
                  | the Orb.
     0 | D:1      | Reached XP level 1. HP: 13/13 MP: 4/4
   323 | D:1      | Reached skill level 1 in Translocations
   551 | D:1      | Gained mutation: A weak demonic guardian rushes to your
                  | aid. [demonic ancestry]
   551 | D:1      | Reached XP level 2. HP: 19/19 MP: 4/6
   642 | D:1      | Learned a level 2 spell: Call Imp
   645 | D:1      | Learned a level 2 spell: Blink
  1060 | D:1      | Found a faded altar of an unknown god.
  1073 | D:1      | Prayed at the altar of an unknown god.
  1073 | D:1      | Became a worshipper of Qazlal Stormbringer
  1073 | D:1      | Reached * piety under Qazlal
  1367 | D:2      | Gained mutation: You have a small tail. [demonic ancestry]
  1367 | D:2      | Reached XP level 3. HP: 9/25 MP: 1/7
  1436 | D:2      | Reached skill level 1 in Invocations
  1681 | D:2      | Found the ring of Shadows {Umbra +Inv Stlth+}
  1870 | D:2      | Noticed Terence
  1887 | D:2      | Gained mutation: Spells you cast may paralyse adjacent
                  | enemies. [demonic ancestry]
  1887 | D:2      | Reached XP level 4. HP: 17/31 MP: 0/8
  1894 | D:2      | Killed Terence
  1895 | D:2      | Reached skill level 1 in Fighting
  2085 | D:2      | Learned a level 3 spell: Mephitic Cloud
  2305 | D:3      | Identified the ring "Sauffous" {EV+4 Str+2}
  2380 | D:3      | Found a broken altar of Ashenzari.
  2420 | D:3      | Noticed a black bear
  2467 | D:3      | Gained mutation: You have a somewhat thin skeletal
                  | structure. (Dex +2, Stealth+) [potion of mutation]
  2467 | D:3      | Gained mutation: You sometimes lose your temper in combat.
                  | [potion of mutation]
  2467 | D:3      | Gained mutation: You are weak. (Str -2) [potion of
                  | mutation]
  2467 | D:3      | Slain by a black bear

Illustrated notes

Levels and vault maps discovered:
D:1:      lemuel_arrival_tunnels, layout_basic,
          shapermc_ecumenical_altar_mp_highgroup
D:2:      layout_rooms, minmay_misc_feat_rugged, uniq_terence
D:3:      layout_rooms, evilmike_ruin_ashenzari, minmay_statues_item,
          kennysheep_generic_room_2

Skill      XL: |  1  2  3  4 |
---------------+-------------+-----
Translocations | 1 |  1.3
Stealth        | 2 |  2.1
Dodging        | 2 |  2.2
Invocations    | 1 |  1.4
Conjurations   | 2 |  2.1
Fighting       | 1 |  1.0
Spellcasting   | |  3.4
Summonings     | |  1.6
Poison Magic   | |  0.1

Action                   |  1- 3 |  4- 6 || total
-------------------------+-------+-------++-------
Melee: Dagger            |    66 |    18 ||    84
       Tailslap          |     1 |     8 ||     9
       Staff             |       |    15 ||    15
       Punch             |       |     1 ||     1
Throw: Dart              |       |     5 ||     5
 Cast: Magic Dart        |    42 |    11 ||    53
       Call Imp          |     5 |     1 ||     6
       Blink             |       |     2 ||     2
       Mephitic Cloud    |       |     1 ||     1
  Use: Scroll            |     3 |     3 ||     6
       Potion            |     4 |     2 ||     6
 Stab: Paralysed         |       |     1 ||     1
Armor: Robe              |    58 |     8 ||    66
Dodge: Dodged            |   133 |    48 ||   181
Block: Other             |     3 |     3 ||     6

Table legend: (Time is in decaauts)
 A = Elapsed time spent in this place.
 B = Non-inter-level travel time spent in this place.
 C = Inter-level travel time spent in this place.
 D = Time resting spent in this place.
 E = Time spent auto-exploring this place.
 F = Levels seen in this place.
 G = Mean time per level.
                   A        B        C        D        E       F      G
               +--------+--------+--------+--------+--------+-----+--------+
         Total |   2467 |   2298 |    169 |    417 |   1169 |   3 |  822.3 |
       Dungeon |   2467 |   2298 |    169 |    417 |   1169 |   3 |  822.3 |
               +--------+--------+--------+--------+--------+-----+--------+

Top non-repeatable levels by time:
     D:1: 1357 daAuts
     D:2: 934 daAuts
     D:3: 176 daAuts
